AoeStats
← konif

Migration

507373482Analyzed
1v1 RM · 13d ago on Sep 17, 2026· 27m 58s· 2 players
Game mode
Random Map
Map size
132×132
Population
200
Speed
Normal
Resources
Standard
Victory
Conquest
Starting age
Dark Age
Ending age
Imperial Age
RankedLock teamsTeams togetherTeam positionsShared explorationLock speedFull tech treeHidden civsTurbo modeCheats
Victory
Defeat
🇫🇷 Vikings · France
792
+14
🇧🇷 Lithuanians · Brazil
758
-22
konif
0:56 Loom
12:58 Feudal Age
14:41 Town Watch
15:01 Fishing Lines
17:47 Castle Age
16:06 Gold Mining
16:06 Double-Bit Axe
17:30 Fletching
18:15 Town Watch
18:43 Bow Saw
19:12 Gold Shaft Mining
18:29 Gillnets
19:18 Bodkin Arrow
21:51 Clinker Construction
24:54 Town Patrol
26:21 Ballistics
28:01 Squires
27:46 Arson
27:22 Pikeman
Fernandinho_aoe
5:26 Loom
11:08 Feudal Age
11:51 Double-Bit Axe
17:24 Bloodlines
21:43 Castle Age
20:20 Fishing Lines
22:46 Forging
22:42 Scale Barding Armor
Connection lost

Rejoining the realm…

Still unreachable

The connection could not be restored.

Session expired

The server has moved on; the page needs a fresh start.